TOP OF THE 1ST |
San Jose Giants batting - Pitching for Mobile BayBears : RHP Chad Toms
|
Pitching: RHP Chad Toms
|
|
Batting: RHB Laroya Foronda
|
0-0: Foul Ball, location: 2F 0-1: Ball 1-1: Called Strike 1-2: Foul Ball, location: 2F 1-2: SINGLE (Groundball, 25, EV 76.2 MPH) (infield hit)
|
Batting: LHB Ryan Braden
|
0-0: Ball 1-0: Called Strike Laroya Foronda is caught stealing 2nd base 2-6 1-1: Ground out 3-1 (Groundball, 3L, EV 100.0 MPH)
|
Batting: RHB Billy Pranger
|
0-0: Called Strike 0-1: Ball 1-1: Foul Ball, location: 2F 1-2: SOLO HOME RUN (Flyball, 78XD, EV 102.5 MPH), Distance : 404 ft
|
Batting: LHB Mike Roberts
|
0-0: Ball 1-0: Called Strike 1-1: Foul Ball, location: 2F 1-2: Ground out U3 (Groundball, 3, EV 88.1 MPH)
|
Top of the 1st over - 1 run, 2 hits, 0 errors, 0 left on base; San Jose 1 - Mobile 0 |
BOTTOM OF THE 1ST |
Mobile BayBears batting - Pitching for San Jose Giants : LHP Drew Roemer
|
Pitching: LHP Drew Roemer
|
|
Batting: RHB Seth Tramontano
|
0-0: Foul Ball, location: 2F 0-1: Ball 1-1: Foul Ball, location: 2F 1-2: Ball 2-2: Foul Ball, location: 2F 2-2: Foul Ball, location: 2F 2-2: Ball 3-2: Strikes out looking
|
Batting: LHB Yao-pang Tien
|
0-0: Ball 1-0: Foul Ball, location: 2F 1-1: Swinging Strike 1-2: Ball 2-2: Ground out 5-3 (Groundball, 6, EV 83.8 MPH)
|
Batting: SHB Ken Welch
|
0-0: Called Strike 0-1: Foul Ball, location: 2F 0-2: Ground out U3 (Groundball, 34S, EV 80.0 MPH)
|
Bottom of the 1st over - 0 runs, 0 hits, 0 errors, 0 left on base; San Jose 1 - Mobile 0 |
TOP OF THE 2ND |
San Jose Giants batting - Pitching for Mobile BayBears : RHP Chad Toms
|
Batting: RHB Guillermo Mojica
|
0-0: Ground out 5-3 (Groundball, 56, EV 106.2 MPH)
|
Batting: SHB David Beauchamp
|
0-0: Called Strike 0-1: Swinging Strike 0-2: Foul Ball, location: 2F 0-2: Ball 1-2: Foul Ball, location: 2F 1-2: SINGLE (Line Drive, 8LS, EV 93.1 MPH)
|
Batting: RHB Mike Zepeda
|
0-0: Called Strike David Beauchamp steals 2nd base 0-1: Ball 1-1: Foul Ball, location: 2F 1-2: Strikes out swinging
|
Batting: LHB Yeong-hun Joe
|
0-0: Called Strike 0-1: Ball 1-1: Ground out 4-3 (Groundball, 34, EV 80.6 MPH)
|
Top of the 2nd over - 0 runs, 1 hit, 0 errors, 1 left on base; San Jose 1 - Mobile 0 |
BOTTOM OF THE 2ND |
Mobile BayBears batting - Pitching for San Jose Giants : LHP Drew Roemer
|
Batting: RHB Francisco Gutierrez
|
0-0: Called Strike 0-1: Ball 1-1: Ground out 4-3 (Groundball, 4, EV 91.9 MPH)
|
Batting: SHB Reagan Dudley
|
0-0: Called Strike 0-1: Ball 1-1: Ground out 5-3 (Groundball, 5, EV 83.1 MPH)
|
Batting: RHB Josh Burrows
|
0-0: Ball 1-0: Ball 2-0: Fly out, F9 (Line Drive, 9, EV 89.4 MPH)
|
Bottom of the 2nd over - 0 runs, 0 hits, 0 errors, 0 left on base; San Jose 1 - Mobile 0 |
TOP OF THE 3RD |
San Jose Giants batting - Pitching for Mobile BayBears : RHP Chad Toms
|
Batting: LHB Steve Nevis
|
0-0: Ball 1-0: Fly out, F9 (Line Drive, 89M, EV 92.5 MPH)
|
Batting: RHB Laroya Foronda
|
0-0: Ball 1-0: Ball 2-0: Swinging Strike 2-1: Foul Ball, location: 2F 2-2: Ball 3-2: Foul Ball, location: 2F 3-2: Foul Ball, location: 2F 3-2: SINGLE (Line Drive, 78S, EV 100.6 MPH)
|
Batting: LHB Ryan Braden
|
0-0: Ball Laroya Foronda steals 2nd base 1-0: Called Strike 1-1: Called Strike Laroya Foronda steals 3rd base 1-2: Ball 2-2: Fly out, F7 (Line Drive, 7, EV 92.5 MPH) Runner from 3rd tags up, SCORES, no throw by LF
|
Batting: RHB Billy Pranger
|
0-0: Ball 1-0: Foul Ball, location: 2F 1-1: Ground out 4-3 (Groundball, 4MD, EV 101.9 MPH)
|
Top of the 3rd over - 1 run, 1 hit, 0 errors, 0 left on base; San Jose 2 - Mobile 0 |
BOTTOM OF THE 3RD |
Mobile BayBears batting - Pitching for San Jose Giants : LHP Drew Roemer
|
Batting: SHB Rich Muniz
|
0-0: SOLO HOME RUN (Line Drive, 7D, EV 98.1 MPH), Distance : 400 ft
|
Batting: LHB Frank Mullen
|
0-0: Ball 1-0: Swinging Strike 1-1: Swinging Strike 1-2: Foul Ball, location: 2F 1-2: Foul Ball, location: 2F 1-2: Strikes out swinging
|
Batting: SHB John Cummings
|
0-0: Ball 1-0: Called Strike 1-1: Foul Ball, location: 2F 1-2: Ground out 4-3 (Groundball, 4S, EV 88.8 MPH)
|
Batting: RHB Seth Tramontano
|
0-0: Ball 1-0: Called Strike 1-1: Ball 2-1: Foul Ball, location: 2F 2-2: Ground out 6-3 (Groundball, 6, EV 100.6 MPH)
|
Bottom of the 3rd over - 1 run, 1 hit, 0 errors, 0 left on base; San Jose 2 - Mobile 1 |
TOP OF THE 4TH |
San Jose Giants batting - Pitching for Mobile BayBears : RHP Chad Toms
|
Batting: LHB Mike Roberts
|
0-0: Ball 1-0: Ball 2-0: Called Strike 2-1: Foul Ball, location: 2F 2-2: Ground out 6-3 (Groundball, 6, EV 87.5 MPH)
|
Batting: RHB Guillermo Mojica
|
0-0: Ball 1-0: Ground out 6-3 (Groundball, 6, EV 82.5 MPH)
|
Batting: SHB David Beauchamp
|
0-0: Swinging Strike 0-1: Fly out, F9 (Line Drive, 9S, EV 102.5 MPH)
|
Top of the 4th over - 0 runs, 0 hits, 0 errors, 0 left on base; San Jose 2 - Mobile 1 |
BOTTOM OF THE 4TH |
Mobile BayBears batting - Pitching for San Jose Giants : LHP Drew Roemer
|
Batting: LHB Yao-pang Tien
|
0-0: Called Strike 0-1: Ball 1-1: Fly out, F8 (Line Drive, 8LM, EV 99.4 MPH)
|
Batting: SHB Ken Welch
|
0-0: Ball 1-0: Ball 2-0: Ball 3-0: Called Strike 3-1: Foul Ball, location: 2F 3-2: Base on Balls
|
Batting: RHB Francisco Gutierrez
|
0-0: Swinging Strike 0-1: Ball 1-1: Foul Ball, location: 2F 1-2: Ball 2-2: Ball 3-2: Base on Balls Ken Welch to second
|
Batting: SHB Reagan Dudley
|
0-0: Ball 1-0: Ball 2-0: Called Strike 2-1: Ball 3-1: Called Strike 3-2: Base on Balls Ken Welch to third Francisco Gutierrez to second
|
Batting: RHB Josh Burrows
|
0-0: Called Strike 0-1: Swinging Strike 0-2: DOUBLE (Line Drive, 5D, EV 111.9 MPH) Ken Welch scores Francisco Gutierrez scores Reagan Dudley to third
|
Batting: SHB Rich Muniz
|
0-0: Hit by Pitch
|
Batting: LHB Frank Mullen
|
0-0: Called Strike 0-1: Ball 1-1: Ball 2-1: Ball 3-1: TRIPLE (Groundball, 3L, EV 103.8 MPH) Reagan Dudley scores Josh Burrows scores Rich Muniz scores
|
Pitching: RHP Kohsuke Naito
|
|
Batting: SHB John Cummings
|
0-0: Fly out, F7 (Flyball, 78S, EV 77.5 MPH)
|
Batting: RHB Seth Tramontano
|
0-0: Foul Ball, location: 2F 0-1: Ball 1-1: Swinging Strike 1-2: Ball 2-2: Foul Ball, location: 2F 2-2: Foul Ball, location: 2F 2-2: Foul Ball, location: 2F 2-2: Strikes out swinging
|
Bottom of the 4th over - 5 runs, 2 hits, 0 errors, 1 left on base; San Jose 2 - Mobile 6 |
TOP OF THE 5TH |
San Jose Giants batting - Pitching for Mobile BayBears : RHP Chad Toms
|
Batting: RHB Mike Zepeda
|
0-0: Called Strike 0-1: Ball 1-1: Ball 2-1: Ground out 6-3 (Groundball, 56, EV 81.9 MPH)
|
Batting: LHB Yeong-hun Joe
|
0-0: Ball 1-0: Ground out 4-3 (Groundball, 4S, EV 72.5 MPH)
|
Batting: LHB Steve Nevis
|
0-0: Ball 1-0: Called Strike 1-1: Fly out, F9 (Line Drive, 9, EV 85.6 MPH)
|
Top of the 5th over - 0 runs, 0 hits, 0 errors, 0 left on base; San Jose 2 - Mobile 6 |
BOTTOM OF THE 5TH |
Mobile BayBears batting - Pitching for San Jose Giants : RHP Kohsuke Naito
|
Batting: LHB Yao-pang Tien
|
0-0: Ground out 4-3 (Groundball, 34D, EV 100.6 MPH)
|
Batting: SHB Ken Welch
|
0-0: Fly out, F9 (Line Drive, 9LM, EV 88.8 MPH)
|
Batting: RHB Francisco Gutierrez
|
0-0: Ball 1-0: Ball 2-0: Foul Ball, location: 2F 2-1: Called Strike 2-2: Fly out, F6 (Popup, 6MS, EV 77.5 MPH)
|
Bottom of the 5th over - 0 runs, 0 hits, 0 errors, 0 left on base; San Jose 2 - Mobile 6 |
TOP OF THE 6TH |
San Jose Giants batting - Pitching for Mobile BayBears : RHP Chad Toms
|
Batting: RHB Laroya Foronda
|
0-0: Foul Ball, location: 2F 0-1: Swinging Strike 0-2: Ball 1-2: Strikes out looking
|
Batting: LHB Ryan Braden
|
0-0: Ball 1-0: Foul Ball, location: 2F 1-1: Ball 2-1: Called Strike 2-2: Fly out, F7 (Flyball, 7D, EV 96.2 MPH)
|
Batting: RHB Billy Pranger
|
0-0: Ball 1-0: Ball 2-0: Ball 3-0: Called Strike 3-1: Ground out 5-3 (Groundball, 5S, EV 91.2 MPH)
|
Top of the 6th over - 0 runs, 0 hits, 0 errors, 0 left on base; San Jose 2 - Mobile 6 |
BOTTOM OF THE 6TH |
Mobile BayBears batting - Pitching for San Jose Giants : RHP Kohsuke Naito
|
Batting: SHB Reagan Dudley
|
0-0: Ball 1-0: Called Strike 1-1: Fly out, F4 (Popup, 4, EV 70.6 MPH)
|
Batting: RHB Josh Burrows
|
0-0: SINGLE (Line Drive, 7S, EV 100.0 MPH)
|
Batting: SHB Rich Muniz
|
0-0: Ball 1-0: Ball 2-0: Foul Ball, location: 2F 2-1: Foul Ball, location: 2F 2-2: Foul Ball, location: 2F 2-2: Fielders Choice at 2nd, 4-6 (Groundball, 34S, EV 89.4 MPH)
|
Pitching: RHP Steve Ryals
|
|
Batting: LHB Frank Mullen
|
0-0: Called Strike Rich Muniz steals 2nd base 0-1: Ball 1-1: Swinging Strike 1-2: Ball 2-2: Ball 3-2: Strikes out swinging
|
Bottom of the 6th over - 0 runs, 1 hit, 0 errors, 1 left on base; San Jose 2 - Mobile 6 |
TOP OF THE 7TH |
San Jose Giants batting - Pitching for Mobile BayBears : RHP Chad Toms
|
Batting: LHB Mike Roberts
|
0-0: Ball 1-0: Ground out 4-3 (Groundball, 4, EV 86.2 MPH)
|
Batting: RHB Guillermo Mojica
|
0-0: Called Strike 0-1: Foul Ball, location: 2F 0-2: Ball 1-2: Foul Ball, location: 2F 1-2: Strikes out looking
|
Batting: SHB David Beauchamp
|
0-0: Ball 1-0: Fly out, F4 (Popup, 3S, EV 79.4 MPH)
|
Top of the 7th over - 0 runs, 0 hits, 0 errors, 0 left on base; San Jose 2 - Mobile 6 |
BOTTOM OF THE 7TH |
Mobile BayBears batting - Pitching for San Jose Giants : RHP Steve Ryals
|
Batting: SHB John Cummings
|
0-0: Called Strike 0-1: Swinging Strike 0-2: SOLO HOME RUN (Flyball, 9LD, EV 91.2 MPH), Distance : 352 ft
|
Batting: RHB Seth Tramontano
|
0-0: Ball 1-0: Swinging Strike 1-1: Called Strike 1-2: Foul Ball, location: 2F 1-2: Ball 2-2: Foul Ball, location: 2F 2-2: Foul Ball, location: 2F 2-2: Strikes out swinging
|
Batting: LHB Yao-pang Tien
|
0-0: Ball 1-0: Swinging Strike 1-1: Swinging Strike 1-2: Ball 2-2: Ball 3-2: Base on Balls
|
Batting: SHB Ken Welch
|
0-0: Called Strike 0-1: Ball 1-1: Ball 2-1: Called Strike 2-2: Ball 3-2: Foul Ball, location: 2F 3-2: Foul Ball, location: 2F 3-2: Grounds into double play, 5-6-3 (Groundball, 6, EV 106.9 MPH)
|
Bottom of the 7th over - 1 run, 1 hit, 0 errors, 0 left on base; San Jose 2 - Mobile 7 |
TOP OF THE 8TH |
San Jose Giants batting - Pitching for Mobile BayBears : RHP Chad Toms
|
Batting: RHB Mike Zepeda
|
0-0: Called Strike 0-1: Ball 1-1: Fly out, F7 (Flyball, 7D, EV 85.6 MPH)
|
Batting: LHB Yeong-hun Joe
|
0-0: Ball 1-0: SINGLE (Groundball, 4M, EV 100.0 MPH) (infield hit)
|
Batting: LHB Steve Nevis
|
0-0: Fly out, F9 (Flyball, 9, EV 90.0 MPH)
|
Batting: RHB Laroya Foronda
|
0-0: Called Strike 0-1: DOUBLE (Line Drive, 9LS, EV 103.1 MPH) Yeong-hun Joe to third Runner from 3rd tries for Home, throw by RF and OUT! 9-4-2
|
Top of the 8th over - 0 runs, 2 hits, 0 errors, 1 left on base; San Jose 2 - Mobile 7 |
BOTTOM OF THE 8TH |
Mobile BayBears batting - Pitching for San Jose Giants : RHP Steve Ryals
|
Batting: RHB Francisco Gutierrez
|
0-0: Called Strike 0-1: Swinging Strike 0-2: Ground out 6-3 (Groundball, 56, EV 93.1 MPH)
|
Batting: SHB Reagan Dudley
|
0-0: Ball 1-0: Swinging Strike 1-1: Ball 2-1: Ball 3-1: Foul Ball, location: 2F 3-2: Strikes out looking
|
Batting: RHB Josh Burrows
|
0-0: SINGLE (Groundball, 56D, EV 105.0 MPH)
|
Batting: SHB Rich Muniz
|
0-0: Ball 1-0: Called Strike 1-1: Swinging Strike 1-2: Ball 2-2: Ball 3-2: Strikes out swinging
|
Bottom of the 8th over - 0 runs, 1 hit, 0 errors, 1 left on base; San Jose 2 - Mobile 7 |
TOP OF THE 9TH |
San Jose Giants batting - Pitching for Mobile BayBears : RHP Chad Toms
|
Batting: LHB Ryan Braden
|
0-0: Called Strike 0-1: Ball 1-1: Foul Ball, location: 2F 1-2: Foul Ball, location: 2F 1-2: Strikes out swinging
|
Batting: RHB Billy Pranger
|
0-0: Foul Ball, location: 2F 0-1: Foul Ball, location: 2F 0-2: Ball 1-2: Strikes out swinging
|
Batting: LHB Mike Roberts
|
0-0: Called Strike 0-1: Ball 1-1: Swinging Strike 1-2: Ball 2-2: Ball 3-2: DOUBLE (Line Drive, 9LS, EV 100.6 MPH)
|
Pitching: LHP Ricky Ramirez
|
|
Batting: RHB Guillermo Mojica
|
0-0: SINGLE (Groundball, 56S, EV 66.9 MPH) (infield hit) Mike Roberts to third
|
Batting: SHB David Beauchamp
|
0-0: Foul Ball, location: 2F 0-1: Called Strike 0-2: Ball 1-2: Fielders Choice at 2nd, 6-4 (Groundball, 6, EV 104.4 MPH)
|
Top of the 9th over - 0 runs, 2 hits, 0 errors, 2 left on base; San Jose 2 - Mobile 7 |
|